 Dungeon Crawl Stone Soup version 0.29.1-12-g30fa7ad0bf (webtiles) character file.

Game seed: 7896699365021649290

70 mikeweasel the Magician (level 4, 0/30 HPs)
             Began as a Human Hedge Wizard on Jan 17, 2023.
             Was a Follower of Okawaru.
             Slain by Terence
             ... wielding a +0 falchion
              (4 damage)
             ... on level 2 of the Dungeon.
             The game lasted 00:16:32 (2954 turns).

mikeweasel the Magician (Human Hedge Wizard)        Turns: 2954, Time: 00:16:33

Health: 0/30       AC:  3    Str: 10    XL:     4   Next: 45%
Magic:  1/9        EV: 12    Int: 16    God:    Okawaru [*.....]
Gold:   40         SH:  0    Dex: 13    Spells: 3/10 levels left

rFire   . . .      SeeInvis .   g - +0 short sword
rCold   . . .      Faith    .   (no shield)
rNeg    . . .      Spirit   .   b - +0 robe
rPois   .          Reflect  .   c - +1 hat
rElec   .          Harm     .   (no cloak)
rCorr   .          Rampage  .   (no gloves)
Will    .....                   (no boots)
Stlth   ++........              (no amulet)
HPRegen 0.10/turn               (no ring)
MPRegen 0.11/turn               (no ring)

@: no status effects
A: no striking features
a: Renounce Religion, Heroism


You were on level 2 of the Dungeon.
You worshipped Okawaru.
Okawaru was aware of your devotion.
You visited 1 branch of the dungeon, and saw 3 of its levels.

You collected 40 gold pieces.

Inventory:

Hand Weapons
 a - a +0 dagger
 g - a +0 short sword (weapon)
Armour
 b - a +0 robe (worn)
 c - a +1 hat (worn)
Scrolls
 e - 3 scrolls of identify
Potions
 d - a potion of magic


   Skills:
 + Level 0.1 Short Blades
 + Level 2.1 Dodging
 + Level 2.6 Stealth
 + Level 3.9 Spellcasting
 + Level 1.9 Conjurations
 + Level 0.4 Hexes
 + Level 1.0 Summonings
 + Level 1.0 Translocations


You had 3 spell levels left.
You knew the following spells:

 Your Spells              Type           Power      Damage    Failure   Level
a - Magic Dart            Conj           36%        1d4       8%          1
b - Slow                  Hex            16%        N/A       14%         1
c - Blink                 Tloc           12%        N/A       17%         2
d - Mephitic Cloud        Conj/Pois/Air  5%         N/A       36%         3

Your spell library contained the following spells:

 Spells                   Type           Power      Damage    Failure   Level
 Conjure Flame            Conj/Fire      6%         6-21      34%         3
 Call Imp                 Summ           Unusable   N/A       N/A         2

Dungeon Overview and Level Annotations

Branches:
Dungeon (3/15)

Altars:
Okawaru

Annotations:
D:2 Terence


Message History

Aim: Terence, wielding a +0 falchion and wearing a +0 scale mail (severely wounded, 100% to hit)
The magic dart hits Terence but does no damage.
Terence is severely wounded.
Terence barely misses you.
Casting: Magic Dart (safe; 8% risk of failure)
Confirm with . or Enter, or press ? or * to list all spells.
You don't have enough magic to cast this spell.
You hit Terence.
Terence is severely wounded.
Terence hits you with a +0 falchion.
You closely miss Terence.
Terence is severely wounded.
Terence misses you.
You hit Terence but do no damage.
Terence is severely wounded.
Terence hits you with a +0 falchion.
You hit Terence but do no damage.
Terence is severely wounded.
Terence misses you.
You hit Terence but do no damage.
Terence is severely wounded.
Terence hits you with a +0 falchion!
* * * LOW HITPOINT WARNING * * *
Casting: Magic Dart (safe; 8% risk of failure)
Confirm with . or Enter, or press ? or * to list all spells.
You don't know that spell.
You hit Terence but do no damage.
Terence is severely wounded.
Terence hits you with a +0 falchion.
* * * LOW HITPOINT WARNING * * *
Your magical contamination has completely faded away.
You feel better.
Terence asks, "Do you want it fast or slow?"
Terence barely misses you.
You closely miss Terence.
Terence is severely wounded.
Terence hits you with a +0 falchion.
* * * LOW HITPOINT WARNING * * *
Terence hits you with a +0 falchion.
You die...

....[....###########.####...#...#
.....................# ####.#.###
#####.#.###############.........#
#....# #.####..#.# #.....# #.....
#.....###### # ##.#.#
#..........###### #. ###....
##.....#...##@..#####.###......
#..#.....>...@.........#.#.#.#
####.#............#####.#.#.....#
#..................... #.#.###.#
..#..##.##.......####.# #...# #..
###..##.###.###..# #.#.###.#
###..##.....###..# #.#.†......
.....##.##.†.##..# ............#
####......#.#.#... ...)..<...#..
####..........## )..##...###.#


You could see Terence.

Vanquished Creatures
  Jessica (D:2)
  A worm (D:2)
  A dart slug (D:2)
  5 bats
  6 endoplasms
  A giant cockroach (D:2)
  3 goblins
  4 hobgoblins
  A quokka (D:2)
  4 ball pythons
  4 frilled lizards (D:1)
  5 kobolds
  4 rats
40 creatures vanquished.

Notes
Turn   | Place    | Note
-------+----------+-------------------------------------------
     0 | D:1      | mikeweasel the Human Hedge Wizard began the quest for the
                  | Orb.
     0 | D:1      | Reached XP level 1. HP: 13/13 MP: 4/4
    53 | D:1      | Learned a level 1 spell: Slow
   320 | D:1      | Found a faded altar of an unknown god.
   337 | D:1      | Prayed at the altar of an unknown god.
   337 | D:1      | Became a worshipper of Warmaster Okawaru
   337 | D:1      | Reached * piety under Okawaru
   454 | D:1      | Reached XP level 2. HP: 19/19 MP: 1/6
   673 | D:1      | Learned a level 2 spell: Blink
  1755 | D:2      | Reached XP level 3. HP: 23/24 MP: 2/7
  1962 | D:2      | Noticed Jessica
  1971 | D:2      | Killed Jessica
  1972 | D:2      | Reached XP level 4. HP: 12/30 MP: 2/9
  2654 | D:2      | Noticed Terence
  2934 | D:3      | Learned a level 3 spell: Mephitic Cloud
  2954 | D:2      | Slain by Terence

Illustrated notes

Levels and vault maps discovered:
D:1:      nagdon_arrival_zigzag_paths, layout_loops_corners,
          shapermc_ecumenical_altar_gd, chequers_big_river
D:2:      layout_loops_ring, uniq_terence, uniq_jessica
D:3:      layout_loops_corners, nicolae_overflow_squiral, uniq_grinder

Action                   |  1- 3 |  4- 6 || total
-------------------------+-------+-------++-------
Melee: Dagger            |     8 |       ||     8
       Short sword       |    17 |    31 ||    48
       Punch             |       |     1 ||     1
 Cast: Magic Dart        |    54 |    42 ||    96
       Slow              |     3 |     2 ||     5
       Blink             |       |     1 ||     1
  Use: Scroll            |     4 |     1 ||     5
       Potion            |     3 |     1 ||     4
 Stab: Sleeping          |     2 |     1 ||     3
Armor: Robe              |     2 |     5 ||     7
Dodge: Dodged            |    15 |    20 ||    35
